 Dungeon Crawl Stone Soup version 0.22.1-5-g62c59d9 (webtiles) character file.

923 Loza the Slasher (level 8, -1/69 HPs)
             Began as a Hill Orc Fighter on Jan 10, 2019.
             Shot with an arrow by a centaur (2 damage)
             ... on level 5 of the Dungeon.
             The game lasted 00:20:08 (4379 turns).

Loza the Slasher (Hill Orc Fighter)                 Turns: 4379, Time: 00:20:08

Health: -1/69      AC: 12    Str: 21    XL:     8   Next: 10%
Magic:  8/8        EV:  6    Int:  8    God:
Gold:   43         SH: 10    Dex: 10    Spells: 7/7 levels left

rFire    + . .     SeeInvis .   t - +2 flail (pain)
rCold    . . .     Gourm    .   c - +0 shield
rNeg     . . .     Faith    .   B - +2 chain mail {rF+}
rPois    .         Spirit   .   (no helmet)
rElec    .         Reflect  .   y - +0 cloak
rCorr    .         Harm     .   (no gloves)
MR       .....                  (no boots)
Stlth    ..........             (no amulet)
HPRegen  0.21/turn              (no ring)
MPRegen  0.11/turn              (no ring)

@: hasted, drained, very quick
A: no striking features
a: no special abilities


You were on level 5 of the Dungeon.
You were hungry.

You visited 1 branch of the dungeon, and saw 5 of its levels.

You collected 268 gold pieces.
You spent 225 gold pieces at shops.

Inventory:

Hand Weapons
 a - a +0 long sword
 t - a +2 flail of pain (weapon)
Armour
 b - a +0 scale mail
 c - a +0 shield (worn)
 r - a +0 ring mail
 w - a +3 leather armour of fire resistance
 x - a +0 chain mail
 y - a +0 cloak (worn)
 B - a +2 chain mail of fire resistance (worn)
Jewellery
 g - an uncursed ring of protection from cold {unknown}
Scrolls
 h - 11 scrolls of identify {unknown}
 i - 7 scrolls of random uselessness {unknown}
 j - 4 scrolls of teleportation {unknown}
 k - 6 scrolls of remove curse {unknown}
 l - a scroll of immolation {unknown}
 p - a scroll of magic mapping {unknown}
 u - 2 scrolls of blinking {unknown}
 v - 3 scrolls of enchant armour {unknown}
 C - a scroll of amnesia {unknown}
Potions
 d - a potion of might
 e - a potion of degeneration {unknown}
 m - a potion of flight {unknown}
 n - a potion of magic {unknown}
 o - a potion of invisibility {unknown}
 s - a potion of curing {unknown}
 z - a potion of heal wounds {unknown}
 A - a potion of ambrosia {unknown}
Comestibles
 f - 8 rations


   Skills:
 + Level 5.4(4.8) Fighting
 + Level 5.9(5.3) Long Blades
 + Level 2.0(1.5) Maces & Flails
 + Level 4.9(4.3) Armour
 + Level 2.2(1.7) Dodging
 + Level 0.3(0.0) Stealth
 + Level 5.5(4.9) Shields


You had 7 spell levels left.
You didn't know any spells.
Your spell library contained the following spells:

 Spells                   Type           Power        Failure   Level  Hunger
 Magic Dart               Conj           #...         100%        1    ##.....
 Blink                    Tloc           N/A          100%        2    ###....
 Call Imp                 Summ           #.......     100%        2    ###....
 Slow                     Hex            #.......     100%        2    ###....
 Conjure Flame            Conj/Fire      #.......     100%        3    ####...
 Mephitic Cloud           Conj/Pois/Air  #.......     100%        3    ####...


Dungeon Overview and Level Annotations

Branches:
Dungeon (5/15)
 Temple: D:4-7

Altars:
Nemelex Xobeh

Shops:
D:5 *


Message History

The centaur shoots an arrow.
You block the arrow.
The centaur shoots an arrow.
You block the arrow.
The centaur shoots an arrow.
The arrow hits you but does no damage.
You see here 3 arrows.
The centaur shoots an arrow.
The arrow barely misses you.
The centaur shoots an arrow.
You block the arrow.
The centaur shoots an arrow.
The arrow hits you but does no damage.
You see here 2 arrows.
The centaur shoots an arrow.
The arrow hits you but does no damage.
The centaur shoots an arrow.
The arrow hits you!
* * * LOW HITPOINT WARNING * * *
You see here 2 arrows.
The centaur shoots an arrow.
You block the arrow.
You see here an arrow.
There are monsters nearby!
It was a potion of haste.
You feel yourself speed up.
The centaur shoots an arrow.
The arrow hits you.
* * * LOW HITPOINT WARNING * * *
The centaur shoots an arrow.
The arrow hits you.
You die...

### ## ##.## #.##
#####...##
#..##........#######
#...................
##...#####..########
##.## #### ##@# #.(#
#.## .. #.# ....#
##(# ..... #(##
.....# ##c.## ##
......####(c..##
###.
........#(.#....#
####..#


You could see 2 centaurs.

Vanquished Creatures
  Edmund (D:4)
  A phantom (D:4)
  2 ogres
  2 big kobolds (D:4)
  A howler monkey (D:4)
  2 hounds
  A bullfrog skeleton (D:5)
  A worker ant (D:4)
  Natasha (twice) (D:2)
  3 gnolls
  8 adders
  An ooze (D:2)
  A worm (D:3)
  5 leopard geckos
  9 orcs
  A ball python (D:4)
  4 giant cockroaches
  5 goblins
  11 hobgoblins
  5 jackals
  8 kobolds
  7 quokkas
  9 bats
  10 frilled lizards
  7 rats
107 creatures vanquished.

Notes
Turn   | Place    | Note
-------+----------+-------------------------------------------
     0 | D:1      | Loza the Hill Orc Fighter began the quest for the Orb.
     0 | D:1      | Reached XP level 1. HP: 19/19 MP: 1/1
    97 | D:1      | Reached XP level 2. HP: 23/27 MP: 2/2
   392 | D:1      | Reached XP level 3. HP: 33/33 MP: 3/3
   673 | D:2      | Reached XP level 4. HP: 20/40 MP: 4/4
   733 | D:2      | Reached skill level 1 in Dodging
   965 | D:2      | Noticed Natasha
   977 | D:2      | Killed Natasha
   996 | D:2      | Reached XP level 5. HP: 17/46 MP: 5/5
  1107 | D:2      | Found a sparkling altar of Nemelex Xobeh.
  1378 | D:2      | Noticed Natasha
  1390 | D:2      | Killed Natasha
  2513 | D:4      | Reached XP level 6. HP: 53/53 MP: 6/6
  2816 | D:4      | Reached skill level 5 in Long Blades
  2831 | D:4      | Noticed a phantom
  2869 | D:4      | Killed a phantom
  2869 | D:4      | Reached XP level 7. HP: 50/60 MP: 7/7
  2940 | D:4      | Noticed Edmund
  2971 | D:4      | Killed Edmund
  2971 | D:4      | Reached skill level 5 in Fighting
  2971 | D:4      | Reached skill level 5 in Shields
  3879 | D:5      | Entered Level 5 of the Dungeon
  3915 | D:5      | Reached skill level 1 in Maces & Flails
  4011 | D:5      | Reached XP level 8. HP: 27/68 MP: 8/8
  4083 | D:5      | Found Aquelug's Assorted Antiques.
  4119 | D:5      | Bought a runed chain mail for 225 gold pieces
  4374 | D:5      | HP: 3/69 [centaur/arrow (7)]
  4378 | D:5      | HP: 1/69 [centaur/arrow (3)]
  4379 | D:5      | Shot with an arrow by a centaur

Skill      XL: |  1  2  3  4  5  6  7  8 |
---------------+-------------------------+-----
Fighting       | 4 5 |  5.4
Long Blades    | 3 4 5 |  5.9
Dodging        | 1 2 |  2.2
Shields        | 4 5 |  5.5
Armour         | 4 |  4.9
Maces & Flails | 1 2 |  2.0
Stealth        | |  0.3

Action                   |  1- 3 |  4- 6 |  7- 9 || total
-------------------------+-------+-------+-------++-------
Melee: Long sword        |   139 |   219 |    28 ||   386
       Flail             |       |       |   137 ||   137
  Use: Potion            |       |       |     1 ||     1
  Eat: Ration            |       |     1 |     1 ||     2
       Chunk             |       |     3 |     2 ||     5
Armor: Scale mail        |    81 |    60 |    10 ||   151
       Chain mail        |       |       |    78 ||    78
Dodge: Dodged            |    47 |    79 |    44 ||   170
Block: Shield            |    79 |   120 |   104 ||   303
       Rpst.: Long sword |    10 |    23 |     3 ||    36
